[ AOE2 MATCH · #473686450 ]
Team RMTeutons vs Vietnamese
[ REPLAY ANALYSIS · EXTRACTED FROM THE RECORDED GAME ]
Feudal
12:21
Castle
17:11
Imperial
34:17
| APM avg | 28.4 |
| APM peak | 64 |
| eAPM avg | 15.4 |
| Villagers / military | 189 / 166 |
Focus
⚔️ 34.2% · 🌾 65.8%
Knight ×70 · Scout Cavalry ×54 · Teutonic Knight ×19 · Monk ×18 · Trebuchet (Packed) ×5
Feudal
10:36
Castle
23:25
Imperial
36:51
| APM avg | 25.6 |
| APM peak | 45 |
| eAPM avg | 15.5 |
| Villagers / military | 150 / 443 |
Focus
⚔️ 34.6% · 🌾 65.4%
Spearman ×244 · Skirmisher ×96 · Militia ×85 · Archer ×8 · Trebuchet (Packed) ×5 · Konnik ×4
Feudal
10:30
Castle
16:52
Imperial
36:49
| APM avg | 26.6 |
| APM peak | 88 |
| eAPM avg | 18.8 |
| Villagers / military | 175 / 451 |
Focus
⚔️ 35.5% · 🌾 64.5%
Skirmisher ×271 · Spearman ×123 · Hussite Wagon ×38 · Bombard Cannon ×19
Feudal
14:01
Castle
18:20
Imperial
23:10
| APM avg | 51.4 |
| APM peak | 108 |
| eAPM avg | 25.5 |
| Villagers / military | 124 / 316 |
Focus
⚔️ 28.0% · 🌾 72.0%
Scout Cavalry ×173 · Hand Cannoneer ×117 · Bombard Cannon ×24 · Monk ×1 · Spearman ×1
Feudal
10:46
Castle
16:58
Imperial
40:08
| APM avg | 35.4 |
| APM peak | 64 |
| eAPM avg | 18.3 |
| Villagers / military | 156 / 240 |
Focus
⚔️ 20.3% · 🌾 79.7%
Knight ×127 · Skirmisher ×109 · Trade Cart ×13 · Monk ×2 · Scout Cavalry ×2
Feudal
11:10
Castle
16:14
Imperial
34:09
| APM avg | 19.5 |
| APM peak | 57 |
| eAPM avg | 13.8 |
| Villagers / military | 120 / 431 |
Focus
⚔️ 37.1% · 🌾 62.9%
Spearman ×216 · Skirmisher ×130 · Rattan Archer ×33 · Battle Elephant ×25 · Trade Cart ×20 · Bombard Cannon ×16
Match map
Initial resources + every placement click. Lines = walls · curves = elevation contours. ◆ gold · ⬟ stone · ● berries · ✦ relic · ◌ wall gap
Your base· ✓ Closed at 17:11 · 0t walls · 1 gate(s)
m-lindberg's base· ✓ Closed at 23:25 · 40t walls · 1 gate(s)
Kei Nagase's base· ✓ Closed at 16:52 · 21t walls · 2 gate(s)
Simba's base· ✓ Closed at 18:20 · 9t walls · 1 gate(s)
younger's base· ✓ Closed at 16:58 · 8t walls · no gate
TheM's base· ✓ Closed at 16:14 · 1t walls · 1 gate(s)
Smoothed initial terrain · ◌ = detected wall gap · hover for details
Inputs per minute
— 2384823078 - - m-lindberg
Build order — 2384823078
First 150 of 485 actions detected
| 0:02 | Create | Villager (Male) |
| 0:02 | Create | Villager (Male) |
| 0:04 | Build | House |
| 0:06 | Build | House |
| 0:35 | Create | Villager (Male) |
| 0:53 | Create | Villager (Male) |
| 1:31 | Create | Villager (Male) |
| 2:01 | Create | Villager (Male) |
| 2:01 | Create | Villager (Male) |
| 2:20 | Create | Villager (Male) |
| 2:20 | Create | Villager (Male) |
| 2:45 | Build | House |
| 2:51 | Create | Villager (Male) |
| 3:16 | Create | Villager (Male) |
| 3:29 | Build | Mill |
| 3:50 | Create | Villager (Male) |
| 3:50 | Create | Villager (Male) |
| 3:50 | Create | Villager (Male) |
| 4:45 | Create | Villager (Male) |
| 4:49 | Create | Villager (Male) |
| 4:54 | Build | House |
| 5:12 | Create | Villager (Male) |
| 5:20 | Build | Farm |
| 5:29 | Create | Villager (Male) |
| 5:55 | Build | Farm |
| 6:20 | Create | Villager (Male) |
| 6:28 | Build | Lumber Camp |
| 6:32 | Create | Villager (Male) |
| 7:00 | Create | Villager (Male) |
| 7:23 | Create | Villager (Male) |
| 7:38 | Build | House |
| 7:53 | Create | Villager (Male) |
| 8:06 | Build | House |
| 8:31 | Create | Villager (Male) |
| 8:44 | Build | House |
| 8:50 | Create | Villager (Male) |
| 9:08 | Create | Villager (Male) |
| 9:32 | Create | Villager (Male) |
| 9:39 | Build | House |
| 9:47 | Research | Feudal Age |
| 10:15 | Build | House |
| 10:22 | Build | Palisade Gate |
| 10:56 | Create | Villager (Male) |
| 10:56 | Create | Villager (Male) |
| 11:01 | Build | Farm |
| 11:03 | Build | Farm |
| 11:33 | Build | Barracks |
| 11:42 | Build | Mining Camp |
| 12:21 | Age | Feudal Age |
| 12:30 | Build | Farm |
| 12:38 | Build | House |
| 12:46 | Build | House |
| 12:53 | Build | Watch Tower |
| 13:02 | Create | Villager (Male) |
| 13:14 | Build | Blacksmith |
| 13:25 | Create | Villager (Male) |
| 13:46 | Build | Market |
| 13:52 | Create | Villager (Male) |
| 13:59 | Build | Farm |
| 14:31 | Research | Castle Age |
| 14:39 | Build | Farm |
| 14:44 | Build | Farm |
| 14:45 | Build | Farm |
| 14:45 | Build | Farm |
| 14:45 | Build | Farm |
| 15:11 | Build | Farm |
| 15:16 | Research | Horse Collar |
| 15:16 | Research | Horse Collar |
| 16:07 | Build | Stable |
| 16:44 | Create | Villager (Male) |
| 16:45 | Create | Villager (Male) |
| 16:55 | Build | Stable |
| 17:07 | Research | Bloodlines |
| 17:10 | Research | Scale Barding Armor |
| 17:11 | Age | Castle Age |
| 17:11 | Research | Forging |
| 17:32 | Build | Mill |
| 17:33 | Build | Farm |
| 17:33 | Build | Farm |
| 17:33 | Build | Farm |
| 17:34 | Build | Farm |
| 17:34 | Build | Farm |
| 17:39 | Build | Farm |
| 17:40 | Build | Farm |
| 17:42 | Create | Knight |
| 17:42 | Create | Knight |
| 17:43 | Create | Knight |
| 17:43 | Create | Knight |
| 17:43 | Create | Knight |
| 18:20 | Build | Farm |
| 18:22 | Build | Farm |
| 18:24 | Create | Knight |
| 18:52 | Create | Knight |
| 18:52 | Create | Knight |
| 19:13 | Create | Knight |
| 19:13 | Create | Knight |
| 19:14 | Create | Villager (Male) |
| 19:30 | Create | Knight |
| 19:30 | Create | Knight |
| 19:39 | Create | Villager (Male) |
| 19:39 | Create | Villager (Male) |
| 19:54 | Create | Villager (Male) |
| 20:04 | Create | Villager (Male) |
| 20:05 | Create | Knight |
| 20:05 | Create | Knight |
| 20:05 | Create | Knight |
| 20:19 | Build | Mining Camp |
| 20:59 | Create | Villager (Male) |
| 21:08 | Create | Knight |
| 21:08 | Create | Knight |
| 21:41 | Build | House |
| 21:52 | Build | Town Center |
| 22:09 | Create | Villager (Male) |
| 22:12 | Create | Villager (Male) |
| 22:14 | Create | Knight |
| 22:14 | Create | Knight |
| 22:17 | Create | Villager (Male) |
| 22:50 | Build | Town Center |
| 22:54 | Create | Villager (Male) |
| 22:57 | Create | Knight |
| 22:57 | Create | Knight |
| 23:04 | Create | Villager (Male) |
| 23:08 | Research | Double-Bit Axe |
| 23:11 | Research | Heavy Plow |
| 23:22 | Create | Villager (Male) |
| 23:27 | Create | Villager (Male) |
| 23:40 | Create | Villager (Male) |
| 23:49 | Build | House |
| 23:52 | Build | House |
| 23:55 | Research | Bow Saw |
| 24:07 | Create | Villager (Male) |
| 24:20 | Create | Villager (Male) |
| 24:37 | Create | Villager (Male) |
| 24:37 | Create | Villager (Male) |
| 24:37 | Create | Villager (Male) |
| 24:39 | Create | Knight |
| 24:39 | Create | Knight |
| 24:40 | Create | Knight |
| 24:44 | Create | Villager (Male) |
| 25:03 | Create | Villager (Male) |
| 25:08 | Build | Monastery |
| 25:12 | Create | Villager (Male) |
| 25:12 | Create | Villager (Male) |
| 25:12 | Create | Villager (Male) |
| 25:22 | Create | Knight |
| 25:50 | Create | Villager (Male) |
| 25:51 | Create | Villager (Male) |
| 26:00 | Create | Villager (Male) |
| 26:00 | Create | Villager (Male) |
| 26:17 | Build | House |
Build order — m-lindberg
First 150 of 481 actions detected
| 0:00 | Create | Villager (Male) |
| 0:01 | Create | Villager (Male) |
| 0:02 | Build | House |
| 0:03 | Build | House |
| 0:08 | Create | Villager (Male) |
| 0:08 | Create | Villager (Male) |
| 1:32 | Create | Villager (Male) |
| 1:46 | Build | Lumber Camp |
| 2:04 | Create | Villager (Male) |
| 2:04 | Create | Villager (Male) |
| 2:20 | Create | Villager (Male) |
| 2:58 | Create | Villager (Male) |
| 2:58 | Create | Villager (Male) |
| 3:22 | Create | Villager (Male) |
| 3:41 | Build | House |
| 3:55 | Create | Villager (Male) |
| 3:55 | Create | Villager (Male) |
| 4:22 | Create | Villager (Male) |
| 4:23 | Create | Villager (Male) |
| 4:27 | Build | House |
| 4:54 | Create | Villager (Male) |
| 5:04 | Build | House |
| 5:28 | Create | Villager (Male) |
| 5:48 | Build | Palisade Wall |
| 5:52 | Build | Palisade Gate |
| 5:55 | Create | Villager (Male) |
| 6:09 | Build | Mill |
| 6:46 | Create | Villager (Male) |
| 6:46 | Create | Villager (Male) |
| 7:17 | Build | Mining Camp |
| 7:18 | Create | Villager (Male) |
| 7:40 | Research | Loom |
| 8:08 | Research | Feudal Age |
| 8:31 | Build | Barracks |
| 9:29 | Build | Mill |
| 9:30 | Create | Militia |
| 9:30 | Create | Militia |
| 9:43 | Create | Villager (Male) |
| 10:22 | Create | Militia |
| 10:23 | Create | Militia |
| 10:29 | Create | Villager (Male) |
| 10:36 | Age | Feudal Age |
| 10:49 | Create | Militia |
| 11:01 | Build | Blacksmith |
| 11:11 | Create | Villager (Male) |
| 11:13 | Create | Militia |
| 11:27 | Create | Villager (Male) |
| 11:27 | Create | Villager (Male) |
| 11:35 | Create | Villager (Male) |
| 11:45 | Create | Militia |
| 11:55 | Build | House |
| 11:56 | Build | House |
| 12:21 | Research | Forging |
| 12:27 | Create | Militia |
| 12:42 | Create | Villager (Male) |
| 12:50 | Build | Archery Range |
| 13:01 | Create | Villager (Male) |
| 13:14 | Create | Militia |
| 13:31 | Create | Archer |
| 13:32 | Create | Archer |
| 13:39 | Create | Villager (Male) |
| 13:39 | Create | Villager (Male) |
| 14:14 | Create | Villager (Male) |
| 14:14 | Create | Villager (Male) |
| 14:40 | Build | House |
| 14:40 | Build | House |
| 15:08 | Create | Villager (Male) |
| 15:08 | Create | Villager (Male) |
| 15:40 | Create | Villager (Male) |
| 15:40 | Create | Villager (Male) |
| 16:11 | Create | Villager (Male) |
| 16:24 | Create | Villager (Male) |
| 16:43 | Build | Farm |
| 16:50 | Build | Farm |
| 17:16 | Create | Villager (Male) |
| 17:17 | Create | Villager (Male) |
| 17:42 | Build | Farm |
| 17:48 | Build | Farm |
| 17:48 | Build | Farm |
| 17:48 | Build | Farm |
| 17:48 | Build | Farm |
| 17:49 | Build | Farm |
| 17:49 | Build | Farm |
| 17:49 | Build | Farm |
| 17:49 | Build | Farm |
| 17:50 | Build | Farm |
| 17:50 | Build | Farm |
| 17:53 | Research | Horse Collar |
| 18:03 | Build | Market |
| 18:08 | Build | Farm |
| 18:09 | Build | Farm |
| 18:09 | Build | Farm |
| 18:10 | Build | Farm |
| 18:16 | Create | Villager (Male) |
| 18:23 | Create | Militia |
| 18:26 | Create | Archer |
| 18:26 | Create | Archer |
| 18:38 | Create | Villager (Male) |
| 18:58 | Build | Farm |
| 18:59 | Build | Farm |
| 19:10 | Research | Double-Bit Axe |
| 19:19 | Create | Spearman |
| 19:19 | Create | Spearman |
| 19:50 | Create | Villager (Male) |
| 19:51 | Create | Villager (Male) |
| 20:11 | Build | Stone Wall |
| 20:14 | Build | Stone Wall |
| 20:45 | Research | Castle Age |
| 20:57 | Create | Spearman |
| 20:57 | Create | Spearman |
| 20:59 | Create | Spearman |
| 20:59 | Create | Spearman |
| 21:04 | Create | Archer |
| 21:04 | Create | Archer |
| 21:26 | Build | Barracks |
| 21:33 | Build | Stone Wall |
| 22:08 | Create | Spearman |
| 22:11 | Build | House |
| 22:12 | Build | House |
| 22:12 | Build | House |
| 22:13 | Build | House |
| 22:23 | Build | Stone Wall |
| 22:24 | Build | Stone Wall |
| 22:28 | Build | Stone Wall |
| 22:30 | Build | Stone Wall |
| 22:36 | Build | Mining Camp |
| 22:55 | Build | House |
| 22:56 | Build | House |
| 22:57 | Build | House |
| 23:00 | Build | House |
| 23:00 | Build | House |
| 23:06 | Create | Spearman |
| 23:06 | Create | Spearman |
| 23:11 | Create | Archer |
| 23:11 | Create | Archer |
| 23:13 | Create | Villager (Male) |
| 23:13 | Create | Villager (Male) |
| 23:25 | Age | Castle Age |
| 23:35 | Research | Pikeman (upgrade) |
| 23:51 | Build | Town Center |
| 24:33 | Create | Spearman |
| 24:33 | Create | Spearman |
| 24:35 | Create | Spearman |
| 24:35 | Create | Spearman |
| 24:40 | Create | Villager (Male) |
| 24:40 | Create | Villager (Male) |
| 25:00 | Build | Town Center |
| 25:03 | Create | Villager (Male) |
| 25:03 | Create | Villager (Male) |
| 25:08 | Create | Spearman |
Build order — Kei Nagase
First 150 of 533 actions detected
| 0:03 | Create | Villager (Male) ×4 |
| 0:06 | Build | House |
| 0:08 | Build | House |
| 1:28 | Create | Villager (Male) |
| 2:00 | Create | Villager (Male) |
| 2:00 | Create | Villager (Male) |
| 2:15 | Build | Lumber Camp |
| 2:20 | Create | Villager (Male) |
| 2:20 | Create | Villager (Male) |
| 2:42 | Create | Villager (Male) |
| 2:42 | Create | Villager (Male) |
| 3:23 | Create | Villager (Male) |
| 3:23 | Create | Villager (Male) |
| 3:56 | Build | Palisade Wall |
| 3:58 | Build | Palisade Wall |
| 4:01 | Build | Palisade Wall |
| 4:06 | Create | Villager (Male) |
| 4:06 | Create | Villager (Male) |
| 4:31 | Create | Villager (Male) |
| 4:42 | Build | Palisade Gate |
| 4:46 | Build | House |
| 5:34 | Build | Mill |
| 5:58 | Create | Villager (Male) |
| 5:58 | Create | Villager (Male) |
| 6:44 | Create | Villager (Male) |
| 7:08 | Create | Villager (Male) |
| 7:34 | Build | House |
| 8:03 | Create | Villager (Male) |
| 8:19 | Research | Feudal Age |
| 9:05 | Build | House |
| 9:40 | Create | Villager (Male) |
| 9:41 | Create | Villager (Male) |
| 9:41 | Create | Villager (Male) |
| 10:30 | Age | Feudal Age |
| 10:59 | Build | Stone Wall |
| 11:02 | Build | Gate |
| 11:07 | Build | Stone Wall |
| 11:08 | Build | Stone Wall |
| 11:12 | Create | Villager (Male) |
| 11:47 | Build | Barracks |
| 11:49 | Create | Villager (Male) |
| 12:34 | Create | Villager (Male) |
| 12:47 | Build | House |
| 12:48 | Build | House |
| 13:02 | Build | Farm |
| 13:09 | Build | Farm |
| 13:10 | Build | Farm |
| 13:11 | Build | Farm |
| 13:15 | Build | Market |
| 13:39 | Build | Blacksmith |
| 13:53 | Create | Villager (Male) |
| 14:12 | Research | Castle Age |
| 14:12 | Research | Castle Age |
| 14:22 | Build | Farm |
| 14:25 | Build | Farm |
| 14:27 | Build | Farm |
| 14:40 | Create | Spearman |
| 14:40 | Create | Spearman |
| 14:51 | Build | House |
| 15:03 | Build | Mining Camp |
| 15:22 | Create | Spearman |
| 15:48 | Build | Mill |
| 15:55 | Create | Villager (Male) |
| 16:27 | Build | Farm |
| 16:38 | Create | Villager (Male) |
| 16:52 | Age | Castle Age |
| 17:09 | Create | Spearman |
| 17:24 | Create | Villager (Male) |
| 17:37 | Build | Farm |
| 17:44 | Create | Villager (Male) |
| 18:19 | Create | Villager (Male) |
| 18:24 | Create | Spearman |
| 18:37 | Create | Villager (Male) |
| 18:50 | Create | Spearman |
| 18:51 | Create | Spearman |
| 18:51 | Create | Spearman |
| 19:24 | Build | Castle |
| 19:26 | Create | Villager (Male) |
| 19:26 | Create | Villager (Male) |
| 19:33 | Build | House |
| 19:35 | Build | House |
| 19:35 | Build | House |
| 20:03 | Create | Villager (Male) |
| 20:24 | Create | Spearman |
| 20:24 | Create | Spearman |
| 20:26 | Create | Villager (Male) |
| 20:34 | Build | Town Center |
| 20:45 | Create | Villager (Male) |
| 20:53 | Create | Spearman |
| 21:19 | Create | Villager (Male) |
| 21:47 | Create | Villager (Male) |
| 21:48 | Create | Villager (Male) |
| 21:48 | Create | Villager (Male) |
| 21:55 | Create | Villager (Male) |
| 22:02 | Build | Farm |
| 22:03 | Build | Farm |
| 22:04 | Build | Farm |
| 22:18 | Build | Farm |
| 22:19 | Create | Villager (Male) |
| 22:19 | Create | Villager (Male) |
| 22:31 | Create | Villager (Male) |
| 22:40 | Create | Villager (Male) |
| 22:57 | Create | Villager (Male) |
| 23:05 | Build | Farm |
| 23:07 | Create | Villager (Male) |
| 23:21 | Create | Villager (Male) |
| 23:27 | Create | Hussite Wagon |
| 23:27 | Create | Hussite Wagon |
| 23:35 | Create | Villager (Male) |
| 23:35 | Create | Villager (Male) |
| 23:36 | Create | Villager (Male) |
| 23:44 | Create | Villager (Male) |
| 23:55 | Create | Villager (Male) |
| 23:58 | Build | Archery Range |
| 24:07 | Create | Villager (Male) |
| 24:07 | Create | Villager (Male) |
| 24:07 | Create | Villager (Male) |
| 24:17 | Create | Hussite Wagon |
| 24:17 | Create | Hussite Wagon |
| 24:35 | Create | Villager (Male) |
| 24:41 | Create | Villager (Male) |
| 24:46 | Build | Farm |
| 24:53 | Create | Skirmisher |
| 24:53 | Create | Skirmisher |
| 24:53 | Create | Skirmisher |
| 24:54 | Create | Skirmisher |
| 25:03 | Create | Villager (Male) |
| 25:07 | Create | Hussite Wagon |
| 25:08 | Create | Hussite Wagon |
| 25:09 | Create | Skirmisher |
| 25:23 | Build | Farm |
| 25:30 | Build | Farm |
| 25:31 | Create | Villager (Male) |
| 25:31 | Create | Villager (Male) |
| 25:34 | Create | Skirmisher |
| 25:44 | Create | Villager (Male) |
| 25:44 | Create | Villager (Male) |
| 25:54 | Create | Skirmisher |
| 25:55 | Create | Skirmisher |
| 25:58 | Create | Skirmisher |
| 25:58 | Create | Skirmisher |
| 26:04 | Create | Hussite Wagon |
| 26:08 | Create | Villager (Male) |
| 26:08 | Create | Villager (Male) |
| 26:16 | Build | House |
| 26:17 | Build | House |
| 26:18 | Build | House |
| 26:22 | Create | Villager (Male) |
| 26:22 | Create | Villager (Male) |
| 26:24 | Create | Skirmisher |
Build order — Simba
First 150 of 433 actions detected
| 0:01 | Create | Villager (Male) |
| 0:01 | Create | Villager (Male) |
| 0:02 | Build | House |
| 0:03 | Build | House |
| 0:05 | Create | Villager (Male) |
| 0:05 | Create | Villager (Male) |
| 1:29 | Create | Villager (Male) |
| 1:53 | Build | Lumber Camp |
| 2:14 | Create | Villager (Male) |
| 2:18 | Create | Villager (Male) |
| 3:30 | Create | Villager (Male) |
| 3:36 | Create | Villager (Male) |
| 4:32 | Build | House |
| 4:34 | Create | Villager (Male) |
| 4:35 | Create | Villager (Male) |
| 4:53 | Build | Mill |
| 5:28 | Create | Villager (Male) |
| 5:30 | Create | Villager (Male) |
| 6:33 | Create | Villager (Male) |
| 6:42 | Create | Villager (Male) |
| 6:44 | Create | Villager (Male) |
| 7:07 | Create | Villager (Male) |
| 7:10 | Create | Villager (Male) |
| 7:35 | Build | House |
| 7:46 | Create | Villager (Male) |
| 8:31 | Create | Villager (Male) |
| 9:01 | Create | Villager (Male) |
| 9:05 | Create | Villager (Male) |
| 9:38 | Create | Villager (Male) |
| 9:44 | Build | House |
| 10:01 | Create | Villager (Male) |
| 10:33 | Build | Mining Camp |
| 10:39 | Build | Farm |
| 10:39 | Build | Farm |
| 10:39 | Build | Farm |
| 10:40 | Build | Farm |
| 10:40 | Build | Farm |
| 10:40 | Build | Farm |
| 10:40 | Build | Farm |
| 10:40 | Build | Farm |
| 11:13 | Build | Farm |
| 11:26 | Build | House |
| 11:26 | Create | Villager (Male) |
| 11:30 | Research | Feudal Age |
| 12:00 | Build | Farm |
| 12:03 | Build | Farm |
| 12:05 | Build | Farm |
| 13:03 | Build | Palisade Gate |
| 13:13 | Build | Palisade Wall |
| 13:34 | Build | Palisade Wall |
| 13:40 | Create | Villager (Male) |
| 13:42 | Create | Villager (Male) |
| 14:01 | Age | Feudal Age |
| 14:05 | Build | Market |
| 14:14 | Build | Blacksmith |
| 15:24 | Create | Villager (Male) |
| 15:32 | Build | House |
| 15:34 | Build | House |
| 15:39 | Research | Castle Age |
| 16:12 | Create | Villager (Male) |
| 16:13 | Create | Villager (Male) |
| 16:34 | Build | House |
| 16:59 | Build | House |
| 18:20 | Age | Castle Age |
| 18:49 | Build | Siege Workshop |
| 18:55 | Build | Monastery |
| 19:00 | Build | Town Center |
| 19:05 | Create | Villager (Male) |
| 19:31 | Build | Farm |
| 19:34 | Create | Villager (Male) |
| 19:42 | Research | Imperial Age |
| 19:46 | Create | Villager (Male) |
| 19:49 | Create | Villager (Male) |
| 19:51 | Build | Farm |
| 20:10 | Build | Farm |
| 20:22 | Build | Farm |
| 20:24 | Build | Farm |
| 20:30 | Build | Farm |
| 20:34 | Create | Villager (Male) |
| 20:41 | Research | Double-Bit Axe |
| 20:57 | Create | Villager (Male) |
| 21:06 | Research | Gold Mining |
| 21:09 | Research | Horse Collar |
| 21:15 | Create | Villager (Male) |
| 21:24 | Create | Villager (Male) |
| 21:40 | Create | Villager (Male) |
| 21:40 | Create | Villager (Male) |
| 21:40 | Create | Villager (Male) |
| 21:50 | Create | Villager (Male) |
| 22:23 | Build | Barracks |
| 22:26 | Create | Villager (Male) |
| 22:45 | Create | Villager (Male) |
| 23:00 | Create | Villager (Male) |
| 23:02 | Create | Villager (Male) |
| 23:10 | Age | Imperial Age |
| 23:21 | Create | Villager (Male) |
| 23:22 | Create | Villager (Male) |
| 23:34 | Build | Archery Range |
| 23:43 | Create | Villager (Male) |
| 23:45 | Create | Villager (Male) |
| 23:50 | Create | Villager (Male) |
| 23:50 | Create | Villager (Male) |
| 23:53 | Build | Farm |
| 23:59 | Create | Villager (Male) |
| 24:03 | Create | Villager (Male) |
| 24:11 | Create | Villager (Male) |
| 24:17 | Build | Farm |
| 24:35 | Build | Archery Range |
| 24:51 | Build | Town Center |
| 24:55 | Create | Hand Cannoneer |
| 24:56 | Create | Hand Cannoneer |
| 24:56 | Create | Hand Cannoneer |
| 24:57 | Create | Hand Cannoneer |
| 25:10 | Create | Villager (Male) |
| 25:15 | Build | Farm |
| 25:17 | Build | Farm |
| 25:29 | Research | Bow Saw |
| 25:45 | Research | Heavy Plow |
| 25:58 | Create | Villager (Male) |
| 26:03 | Create | Hand Cannoneer |
| 26:04 | Create | Hand Cannoneer |
| 26:06 | Create | Hand Cannoneer |
| 26:16 | Create | Bombard Cannon |
| 26:29 | Research | Padded Archer Armor |
| 26:39 | Build | House |
| 26:41 | Build | House |
| 26:41 | Build | House |
| 26:42 | Build | House |
| 26:49 | Create | Villager (Male) |
| 26:49 | Create | Villager (Male) |
| 27:11 | Create | Hand Cannoneer |
| 27:12 | Create | Hand Cannoneer |
| 27:12 | Create | Hand Cannoneer |
| 27:19 | Create | Bombard Cannon |
| 27:26 | Build | Farm |
| 27:31 | Build | Farm |
| 27:35 | Create | Villager (Male) |
| 27:46 | Build | Lumber Camp |
| 28:09 | Create | Hand Cannoneer |
| 28:10 | Create | Hand Cannoneer |
| 28:10 | Create | Hand Cannoneer |
| 28:12 | Create | Hand Cannoneer |
| 28:12 | Create | Hand Cannoneer |
| 28:12 | Create | Hand Cannoneer |
| 28:27 | Create | Villager (Male) |
| 28:28 | Create | Villager (Male) |
| 28:28 | Create | Villager (Male) |
| 28:30 | Create | Villager (Male) |
| 28:58 | Create | Hand Cannoneer |
| 28:59 | Create | Hand Cannoneer |
Build order — younger
First 150 of 434 actions detected
| 0:11 | Create | Villager (Male) |
| 0:12 | Create | Villager (Male) |
| 0:12 | Create | Villager (Male) |
| 0:12 | Create | Villager (Male) |
| 0:12 | Create | Villager (Male) |
| 0:19 | Build | House |
| 1:06 | Build | House |
| 1:34 | Build | House |
| 1:40 | Build | House |
| 1:41 | Build | House |
| 1:42 | Build | House |
| 1:44 | Create | Villager (Male) |
| 2:30 | Create | Villager (Male) |
| 2:30 | Create | Villager (Male) |
| 2:30 | Create | Villager (Male) |
| 2:39 | Build | Palisade Wall |
| 2:47 | Build | Palisade Wall |
| 3:03 | Build | Palisade Gate |
| 3:18 | Build | House |
| 3:20 | Create | Villager (Male) |
| 3:20 | Create | Villager (Male) |
| 3:20 | Create | Villager (Male) |
| 3:52 | Create | Villager (Male) |
| 3:53 | Create | Villager (Male) |
| 4:02 | Create | Villager (Male) |
| 4:02 | Create | Villager (Male) |
| 4:26 | Create | Villager (Male) |
| 4:27 | Create | Villager (Male) |
| 4:44 | Create | Villager (Male) |
| 5:20 | Create | Villager (Male) |
| 5:20 | Create | Villager (Male) |
| 5:21 | Create | Villager (Male) |
| 6:00 | Create | Villager (Male) |
| 6:01 | Create | Villager (Male) |
| 7:52 | Create | Villager (Male) |
| 7:52 | Create | Villager (Male) |
| 8:04 | Build | Lumber Camp |
| 8:17 | Build | Mill |
| 8:42 | Research | Feudal Age |
| 9:39 | Build | Mill |
| 9:44 | Create | Villager (Male) |
| 9:45 | Create | Villager (Male) |
| 10:04 | Build | House |
| 10:06 | Build | House |
| 10:46 | Age | Feudal Age |
| 10:51 | Research | Double-Bit Axe |
| 11:10 | Build | Barracks |
| 11:25 | Create | Villager (Male) |
| 11:36 | Create | Villager (Male) |
| 11:59 | Create | Villager (Male) |
| 12:07 | Build | House |
| 12:08 | Build | House |
| 12:18 | Build | Stable |
| 12:46 | Create | Villager (Male) |
| 13:19 | Build | Blacksmith |
| 13:25 | Create | Villager (Male) |
| 13:48 | Create | Scout Cavalry |
| 13:48 | Create | Scout Cavalry |
| 14:18 | Build | Archery Range |
| 14:32 | Research | Castle Age |
| 14:51 | Build | House |
| 14:53 | Build | House |
| 14:54 | Build | House |
| 15:07 | Create | Skirmisher |
| 15:07 | Create | Skirmisher |
| 15:08 | Create | Skirmisher |
| 15:08 | Create | Skirmisher |
| 15:14 | Research | Loom |
| 15:20 | Build | Watch Tower |
| 16:05 | Build | Farm |
| 16:22 | Build | Stone Wall |
| 16:44 | Create | Skirmisher |
| 16:44 | Create | Skirmisher |
| 16:58 | Age | Castle Age |
| 17:23 | Create | Villager (Male) |
| 17:23 | Create | Villager (Male) |
| 17:23 | Create | Villager (Male) |
| 18:28 | Build | Farm |
| 18:49 | Create | Villager (Male) |
| 18:49 | Create | Villager (Male) |
| 18:56 | Build | Farm |
| 18:59 | Build | Farm |
| 19:31 | Build | Farm |
| 19:46 | Build | Farm |
| 19:52 | Build | Farm |
| 19:53 | Create | Villager (Male) |
| 20:22 | Build | Farm |
| 20:25 | Build | Farm |
| 20:37 | Research | Horse Collar |
| 20:38 | Research | Horse Collar |
| 21:02 | Build | Farm |
| 21:19 | Build | Farm |
| 21:20 | Create | Villager (Male) |
| 21:21 | Create | Villager (Male) |
| 21:29 | Build | Farm |
| 21:50 | Build | Farm |
| 21:52 | Create | Villager (Male) |
| 21:52 | Create | Villager (Male) |
| 21:52 | Create | Villager (Male) |
| 22:19 | Research | Bow Saw |
| 22:32 | Create | Villager (Male) |
| 22:33 | Create | Villager (Male) |
| 22:44 | Build | Farm |
| 22:53 | Create | Villager (Male) |
| 22:54 | Create | Villager (Male) |
| 23:10 | Create | Villager (Male) |
| 23:10 | Create | Villager (Male) |
| 23:15 | Build | Farm |
| 23:37 | Create | Villager (Male) |
| 23:37 | Create | Villager (Male) |
| 23:38 | Create | Villager (Male) |
| 23:43 | Build | Farm |
| 23:52 | Create | Villager (Male) |
| 23:52 | Create | Villager (Male) |
| 24:09 | Create | Villager (Male) |
| 24:09 | Create | Villager (Male) |
| 24:21 | Research | Heavy Plow |
| 24:26 | Create | Villager (Male) |
| 24:41 | Create | Skirmisher |
| 24:41 | Create | Skirmisher |
| 24:50 | Build | Lumber Camp |
| 24:57 | Create | Villager (Male) |
| 24:57 | Create | Villager (Male) |
| 25:14 | Create | Skirmisher |
| 25:32 | Create | Villager (Male) |
| 25:44 | Create | Villager (Male) |
| 25:59 | Create | Villager (Male) |
| 26:13 | Build | Town Center |
| 26:18 | Create | Villager (Male) |
| 26:49 | Create | Villager (Male) |
| 27:09 | Build | Farm |
| 27:10 | Build | Farm |
| 27:11 | Build | Farm |
| 27:12 | Build | Farm |
| 27:14 | Create | Villager (Male) |
| 27:15 | Create | Villager (Male) |
| 27:15 | Create | Villager (Male) |
| 27:15 | Create | Villager (Male) |
| 27:22 | Create | Villager (Male) |
| 27:28 | Research | Husbandry |
| 27:55 | Create | Villager (Male) |
| 27:55 | Create | Villager (Male) |
| 28:12 | Build | Farm |
| 28:16 | Create | Villager (Male) |
| 28:16 | Create | Villager (Male) |
| 28:17 | Create | Villager (Male) |
| 28:25 | Build | Lumber Camp |
| 28:40 | Build | Town Center |
| 28:51 | Build | House |
| 28:52 | Build | House |
Build order — TheM
First 150 of 425 actions detected
| 0:00 | Create | Villager (Male) |
| 0:01 | Create | Villager (Male) |
| 0:02 | Build | House |
| 0:03 | Build | House |
| 0:17 | Create | Villager (Male) |
| 0:17 | Create | Villager (Male) |
| 0:18 | Create | Villager (Male) |
| 1:23 | Create | Villager (Male) |
| 1:23 | Create | Villager (Male) |
| 1:46 | Build | Lumber Camp |
| 2:10 | Create | Villager (Male) |
| 2:40 | Create | Villager (Male) |
| 3:01 | Create | Villager (Male) |
| 3:11 | Create | Villager (Male) |
| 3:34 | Create | Villager (Male) |
| 3:34 | Create | Villager (Male) |
| 4:00 | Create | Villager (Male) |
| 4:00 | Create | Villager (Male) |
| 4:53 | Build | House |
| 5:07 | Research | Loom |
| 5:27 | Create | Villager (Male) |
| 5:53 | Build | House |
| 6:16 | Create | Villager (Male) |
| 6:24 | Build | Mill |
| 6:26 | Create | Villager (Male) |
| 6:30 | Build | House |
| 6:38 | Build | Palisade Gate |
| 7:04 | Create | Villager (Male) |
| 7:10 | Create | Villager (Male) |
| 7:18 | Build | House |
| 7:19 | Build | House |
| 7:26 | Build | Palisade Wall |
| 8:10 | Create | Villager (Male) |
| 8:23 | Create | Villager (Male) |
| 8:24 | Research | Feudal Age |
| 8:44 | Build | Mining Camp |
| 10:37 | Create | Villager (Male) |
| 10:51 | Build | Farm |
| 10:53 | Build | Farm |
| 10:56 | Build | Farm |
| 10:58 | Build | Farm |
| 11:04 | Create | Villager (Male) |
| 11:10 | Age | Feudal Age |
| 11:17 | Build | Farm |
| 11:20 | Build | Farm |
| 11:37 | Build | Market |
| 11:57 | Create | Villager (Male) |
| 12:22 | Build | Blacksmith |
| 12:25 | Create | Villager (Male) |
| 12:32 | Build | Farm |
| 12:49 | Create | Villager (Male) |
| 12:54 | Build | Farm |
| 13:04 | Build | Farm |
| 13:34 | Research | Castle Age |
| 13:50 | Build | Farm |
| 14:04 | Create | Villager (Male) |
| 14:38 | Research | Double-Bit Axe |
| 14:40 | Research | Horse Collar |
| 14:55 | Create | Villager (Male) |
| 16:14 | Age | Castle Age |
| 16:18 | Build | Town Center |
| 16:21 | Research | Bow Saw |
| 16:25 | Build | Town Center |
| 16:35 | Create | Villager (Male) |
| 16:37 | Research | Heavy Plow |
| 17:20 | Create | Villager (Male) |
| 17:33 | Create | Villager (Male) |
| 17:42 | Build | Farm |
| 17:42 | Create | Villager (Male) |
| 17:46 | Create | Villager (Male) |
| 17:51 | Research | Wheelbarrow |
| 17:57 | Build | Farm |
| 18:00 | Build | Farm |
| 18:03 | Build | Farm |
| 18:05 | Create | Villager (Male) |
| 18:05 | Create | Villager (Male) |
| 18:06 | Create | Villager (Male) |
| 18:25 | Build | House |
| 18:27 | Build | House |
| 18:30 | Create | Villager (Male) |
| 18:38 | Build | Farm |
| 18:44 | Build | Farm |
| 18:51 | Create | Villager (Male) |
| 18:52 | Create | Villager (Male) |
| 18:55 | Create | Villager (Male) |
| 18:59 | Build | Farm |
| 19:01 | Build | Farm |
| 19:03 | Create | Villager (Male) |
| 19:03 | Create | Villager (Male) |
| 19:19 | Build | Farm |
| 19:22 | Create | Villager (Male) |
| 19:22 | Create | Villager (Male) |
| 19:44 | Create | Villager (Male) |
| 19:44 | Create | Villager (Male) |
| 19:44 | Create | Villager (Male) |
| 20:03 | Build | Town Center |
| 20:10 | Create | Villager (Male) |
| 20:11 | Create | Villager (Male) |
| 20:11 | Create | Villager (Male) |
| 20:16 | Build | Farm |
| 20:32 | Build | Mining Camp |
| 20:34 | Research | Gold Mining |
| 20:34 | Research | Stone Mining |
| 20:37 | Create | Villager (Male) |
| 20:48 | Create | Villager (Male) |
| 20:48 | Create | Villager (Male) |
| 21:04 | Build | Barracks |
| 21:07 | Create | Villager (Male) |
| 21:07 | Create | Villager (Male) |
| 21:07 | Create | Villager (Male) |
| 21:16 | Create | Villager (Male) |
| 21:18 | Create | Villager (Male) |
| 21:19 | Create | Villager (Male) |
| 21:27 | Build | Farm |
| 21:32 | Create | Villager (Male) |
| 21:33 | Create | Villager (Male) |
| 21:37 | Build | Farm |
| 21:40 | Build | Farm |
| 21:43 | Build | Farm |
| 21:48 | Build | Farm |
| 21:50 | Create | Villager (Male) |
| 21:50 | Create | Villager (Male) |
| 21:50 | Create | Villager (Male) |
| 21:50 | Create | Villager (Male) |
| 22:03 | Build | Archery Range |
| 22:05 | Create | Villager (Male) |
| 22:10 | Create | Villager (Male) |
| 22:15 | Build | Farm |
| 22:19 | Build | Farm |
| 22:23 | Build | Farm |
| 22:28 | Build | House |
| 22:36 | Build | House |
| 22:37 | Build | House |
| 22:38 | Build | House |
| 22:42 | Research | Hand Cart |
| 22:42 | Research | Town Watch |
| 23:09 | Research | Coinage |
| 23:09 | Research | Coinage |
| 23:12 | Create | Villager (Male) |
| 23:36 | Create | Villager (Male) ×4 |
| 23:45 | Build | House |
| 23:46 | Build | House |
| 23:47 | Build | House |
| 23:49 | Build | House |
| 23:50 | Build | House |
| 23:52 | Create | Villager (Male) ×5 |
| 24:04 | Build | Stable |
| 24:07 | Build | Siege Workshop |
| 24:11 | Create | Villager (Male) ×3 |
| 24:16 | Build | Farm |
Match timeline
| 2:39 | younger · wall_segment Palisade Wall x1 |
| 2:47 | younger · wall_segment Palisade Wall x1 |
| 3:56 | Kei Nagase · wall_segment Palisade Wall x5 |
| 3:58 | Kei Nagase · wall_segment Palisade Wall x3 |
| 4:01 | Kei Nagase · wall_segment Palisade Wall x8 |
| 5:48 | m-lindberg · wall_segment Palisade Wall x6 |
| 7:26 | TheM · wall_segment Palisade Wall x1 |
| 8:31 | m-lindberg · first_building Barracks |
| 10:30 | Kei Nagase · age_up feudal |
| 10:36 | m-lindberg · age_up feudal |
| 10:46 | younger · age_up feudal |
| 10:59 | Kei Nagase · wall_segment Stone Wall x3 |
| 11:07 | Kei Nagase · wall_segment Stone Wall x1 |
| 11:08 | Kei Nagase · wall_segment Stone Wall x1 |
| 11:10 | younger · first_building Barracks |
| 11:10 | TheM · age_up feudal |
| 11:33 | 2384823078 · first_building Barracks |
| 11:47 | Kei Nagase · first_building Barracks |
| 12:18 | younger · first_building Stable |
| 12:21 | 2384823078 · age_up feudal |
| 12:50 | m-lindberg · first_building Archery Range |
| 13:13 | Simba · wall_segment Palisade Wall x2 |
| 13:34 | Simba · wall_segment Palisade Wall x7 |
| 14:01 | Simba · age_up feudal |
| 14:18 | younger · first_building Archery Range |
| 16:07 | 2384823078 · first_building Stable |
| 16:14 | TheM · age_up castle |
| 16:22 | younger · wall_segment Stone Wall x6 |
| 16:52 | Kei Nagase · age_up castle |
| 16:58 | younger · age_up castle |
| 17:11 | 2384823078 · age_up castle |
| 18:20 | Simba · age_up castle |
| 18:49 | Simba · first_building Siege Workshop |
| 18:55 | Simba · first_building Monastery |
| 19:24 | Kei Nagase · first_building Castle |
| 19:56 | TheM · first_market_buy 100 stone |
| 20:08 | Simba · first_market_buy 100 wood |
| 20:11 | m-lindberg · wall_segment Stone Wall x2 |
| 20:14 | m-lindberg · wall_segment Stone Wall x7 |
| 20:17 | Simba · first_market_sell 100 food |
| 20:37 | m-lindberg · first_market_buy 100 food |
| 20:40 | m-lindberg · first_market_sell 100 wood |
| 21:04 | TheM · first_building Barracks |
| 21:33 | m-lindberg · wall_segment Stone Wall x6 |
| 22:03 | TheM · first_building Archery Range |
| 22:23 | m-lindberg · wall_segment Stone Wall x1 |
| 22:23 | Simba · first_building Barracks |
| 22:24 | m-lindberg · wall_segment Stone Wall x7 |
| 22:28 | m-lindberg · wall_segment Stone Wall x6 |
| 22:30 | m-lindberg · wall_segment Stone Wall x7 |
| 23:10 | Simba · age_up imperial |
| 23:25 | m-lindberg · age_up castle |
| 23:34 | Simba · first_building Archery Range |
| 23:58 | Kei Nagase · first_building Archery Range |
| 24:04 | TheM · first_building Stable |
| 24:07 | TheM · first_building Siege Workshop |
| 24:53 | TheM · tribute_sent a jugador 1 |
| 24:53 | TheM · tribute_sent a jugador 2 |
| 24:53 | TheM · tribute_sent a jugador 3 |
| 24:53 | TheM · tribute_sent a jugador 4 |
| 24:53 | TheM · tribute_sent a jugador 6 |
| 25:08 | 2384823078 · first_building Monastery |
| 25:16 | TheM · first_building Monastery |
| 25:58 | TheM · tribute_sent a jugador 1 |
| 25:58 | TheM · tribute_sent a jugador 2 |
| 25:58 | TheM · tribute_sent a jugador 3 |
| 25:58 | TheM · tribute_sent a jugador 4 |
| 25:58 | TheM · tribute_sent a jugador 6 |
| 27:21 | 2384823078 · first_market_buy 100 stone |
| 27:34 | 2384823078 · first_building Castle |
| 27:51 | m-lindberg · first_building Krepost |
| 29:19 | Simba · first_building Stable |
| 29:51 | TheM · tribute_sent a jugador 1 |
| 29:51 | TheM · tribute_sent a jugador 2 |
| 29:51 | TheM · tribute_sent a jugador 3 |
| 29:51 | TheM · tribute_sent a jugador 4 |
| 29:51 | TheM · tribute_sent a jugador 6 |
| 29:52 | younger · first_building Monastery |
| 30:11 | TheM · first_building Castle |
| 32:50 | Kei Nagase · first_market_sell 500 wood |
| 32:53 | Kei Nagase · first_market_buy 100 food |
| 32:55 | m-lindberg · first_building Castle |
| 33:43 | 2384823078 · first_market_sell 100 food |
| 34:09 | TheM · age_up imperial |
| 34:17 | 2384823078 · age_up imperial |
| 34:50 | younger · first_market_sell 500 food |
| 35:17 | Kei Nagase · first_building Siege Workshop |
| 35:40 | m-lindberg · first_building Monastery |
| 35:56 | TheM · first_market_sell 500 food |
| 36:49 | Kei Nagase · age_up imperial |
| 36:51 | m-lindberg · age_up imperial |
| 38:20 | younger · first_building Castle |
| 38:54 | Simba · first_building Castle |
| 40:08 | younger · age_up imperial |
| 50:19 | younger · tribute_sent a jugador 1 |
| 50:19 | younger · tribute_sent a jugador 2 |
| 50:19 | younger · tribute_sent a jugador 3 |
| 50:19 | younger · tribute_sent a jugador 5 |
| 50:19 | younger · tribute_sent a jugador 6 |
| 55:29 | TheM · tribute_sent a jugador 1 |
| 55:29 | TheM · tribute_sent a jugador 2 |
| 55:29 | TheM · tribute_sent a jugador 3 |
| 55:29 | TheM · tribute_sent a jugador 4 |
| 55:29 | TheM · tribute_sent a jugador 6 |
| 55:51 | 2384823078 · resign |
[ AI ANALYSIS · 1 CREDIT ]
What really happened in this match?
Wolo.gg analyzes every decision: build order, eco, micro, common mistakes by bracket. Personalized analysis on WhatsApp or Discord in 30 seconds.
Civ guide
Teutons
Map guide
Glade
Perfil
Jugador #24110313